General information
- name: BNet
- type: Ladder 1vs1/FFA
- host: Battle.net
- saver: Al_nino_Borland
map: SecretValley
- players: 2
- length: 22:58
- speed: Fast
- version: 1.24 W3XP
- replay type: Public
» download(60 KB)
Players
team 1 (winner)
Al_nino_Borland (
green | 55 APM | 1266 actions | 22:58)
3 Goblin Tinker
2 Pocket Factory
1 Engineering Upgrade
2 Naga Sea Witch
1 Frost Arrows
1 Forked Lightning
2 Dark Ranger
1 Black Arrow
1 Life Drain
» actions
| Assign group hotkey | 88 | |
| Basic commands | 13 | |
| Build / train | 109 | |
| ESC pressed | 3 | |
| Enter build submenu | 64 | |
| Enter hero's abilities submenu | 7 | |
| Give item / drop item | 2 | |
| Right click | 415 | |
| Select / deselect | 295 | |
| Select group hotkey | 177 | |
| Use ability | 93 | |
1266 total
» units
» upgrades
» buildings
| Altar of Kings | 1 | |
| Farm | 12 | |
| Barracks | 1 | |
| Lumber Mill | 1 | |
| Scout Tower | 40 | |
| Guard Tower | 38 | |
| Town Hall | 1 | |
| Keep | 3 | |
| Arcane Tower | 2 | |
| Castle | 3 | |
| Blacksmith | 1 | |
| Workshop | 1 | |
| Cannon Tower | 3 | |
107 total
» build order
00:08 Altar of Kings
00:10 Farm
00:50 Barracks
00:59 Farm
01:21 Lumber Mill
01:35 Farm
02:40 Farm
03:23 Farm
03:48 Scout Tower
04:04 Guard Tower
04:08 Scout Tower
04:27 Guard Tower
04:30 Scout Tower
04:36 Scout Tower
04:44 Guard Tower
04:44 Guard Tower
04:45 Scout Tower
04:57 Scout Tower
05:04 Guard Tower
05:04 Guard Tower
05:18 Guard Tower
05:18 Guard Tower
05:20 Scout Tower
05:28 Guard Tower
05:28 Guard Tower
05:31 Scout Tower
05:47 Guard Tower
06:47 Town Hall
06:57 Scout Tower
07:02 Scout Tower
07:30 Guard Tower
07:56 Guard Tower
07:59 Scout Tower
08:03 Scout Tower
08:16 Farm
08:19 Farm
08:33 Farm
08:40 Guard Tower
08:48 Farm
08:55 Scout Tower
09:01 Scout Tower
09:06 Farm
09:10 Scout Tower
09:15 Scout Tower
09:17 Scout Tower
09:23 Scout Tower
09:24 Scout Tower
09:29 Scout Tower
09:38 Guard Tower
09:46 Guard Tower
09:46 Guard Tower
09:51 Scout Tower
09:55 Scout Tower
09:59 Farm
10:14 Scout Tower
10:14 Scout Tower
10:15 Scout Tower
10:19 Guard Tower
10:19 Guard Tower
10:20 Guard Tower
10:30 Guard Tower
10:30 Guard Tower
10:30 Guard Tower
10:39 Guard Tower
10:39 Guard Tower
10:39 Guard Tower
10:41 Guard Tower
10:41 Guard Tower
10:41 Guard Tower
10:55 Guard Tower
11:30 Keep
11:32 Keep
11:33 Keep
12:12 Scout Tower
12:32 Scout Tower
12:36 Scout Tower
12:40 Guard Tower
13:13 Arcane Tower
13:17 Guard Tower
13:59 Castle
14:42 Scout Tower
14:56 Castle
14:57 Blacksmith
15:08 Arcane Tower
15:10 Guard Tower
15:10 Guard Tower
15:35 Farm
20:29 Workshop
20:36 Scout Tower
20:37 Scout Tower
20:38 Scout Tower
20:38 Scout Tower
20:39 Scout Tower
20:40 Scout Tower
20:40 Scout Tower
20:46 Scout Tower
20:47 Scout Tower
20:49 Scout Tower
20:51 Scout Tower
21:34 Cannon Tower
21:35 Cannon Tower
» items
team 2 (loser)
Tribal_elder (
yellow | 18 APM | 407 actions | 22:56)
1 Demon Hunter
1 Mana Burn
1 Keeper of the Grove
1 Force of Nature
» actions
| Build / train | 13 | |
| Enter build submenu | 22 | |
| Enter hero's abilities submenu | 2 | |
| Remove unit from queue | 1 | |
| Right click | 185 | |
| Select / deselect | 146 | |
| Use ability | 37 | |
407 total
» units
» buildings
| Altar of Elders | 1 | |
| Moon Well | 6 | |
| Tree of Ages | 1 | |
| Hunter's Hall | 1 | |
| Ancient Protector | 1 | |
| Tree of Life | 3 | |
13 total
» build order
00:13 Altar of Elders
00:18 Moon Well
01:40 Tree of Ages
02:30 Hunter's Hall
02:39 Moon Well
03:27 Moon Well
03:39 Ancient Protector
07:09 Tree of Life
07:41 Moon Well
08:04 Moon Well
10:46 Tree of Life
13:14 Tree of Life
19:00 Moon Well
Chat log
(04:20 / All) Al_nino_Borland: retard
(04:46 / All) Al_nino_Borland: noobelf
(04:59 / All) Al_nino_Borland: dick up ass
(05:39 / All) Al_nino_Borland: u mad poop boy?
(06:03 / All) Al_nino_Borland: mana burn me some more
(06:05 / All) Al_nino_Borland: demon hunter noobwad
(06:10 / All) Al_nino_Borland: the exits that way
(06:21 / All) Al_nino_Borland: not gonna revive your diaper hero?
(07:23 / All) Al_nino_Borland: you stink!
(09:42 / All) Al_nino_Borland: retard
(11:04 / All) Tribal_elder: im getting pleasure out of wasting your time
(11:21 / All) Al_nino_Borland: im getting pleasure out of every second you dont have a diaper hero to dota around with
(12:25 / All) Al_nino_Borland: cant do much dotaing in that little corner
(16:28 / All) Al_nino_Borland: poop boy stuck in his poop prison
(16:53 / All) Tribal_elder: no problem
(16:59 / All) Tribal_elder: im flourishing somewhere else
(17:14 / All) Al_nino_Borland: the only thing flourishing about you is the bacterial colonies
(17:20 / All) Al_nino_Borland: that make up 60% of hte dry weight of poop
(17:50 / All) Al_nino_Borland: execution time for the wimp tree
(18:02 / All) Al_nino_Borland: wimp tree gets its throat cut and body flung in a ditch
(18:34 / All) Al_nino_Borland: diaper hero gets a taste of the barbed wire
(18:40 / All) Al_nino_Borland: and returns to his cell to lick his wounds
(20:13 / All) Al_nino_Borland: SUICIDE
(20:19 / All) Al_nino_Borland: ON THE ELECTRIFIED FENCE
(21:23 / All) Al_nino_Borland: IM Bringing all my peons to come watch your execution
(21:32 / All) Al_nino_Borland: thsi game is gonna finish how it began
(22:49 / All) Al_nino_Borland: gonna pick a suitable soundtrack
(22:55 / All) Al_nino_Borland: np - no hero